 Dungeon Crawl Stone Soup version 0.24.0-13-gcf9b3192b9 (console) character file.

Game seed: 1485822546981487268, levelgen mode: deterministic

138724 AlterAsc the Brawler (level 17, -2/120 HPs)
             Began as a Vine Stalker Transmuter on Nov 10, 2019.
             Was the Champion of Ashenzari.
             Blown up by an orb spider (22 damage)
             ... with an orb of destruction
             ... on level 4 of the Spider Nest.
             The game lasted 01:56:37 (25450 turns).

AlterAsc the Brawler (Vine Stalker Transmuter)     Turns: 25450, Time: 01:56:37

Health: -2/120     AC: 27    Str: 19    XL:     17   Next: 26%
Magic:  0/39       EV: 18    Int: 13    God:    Ashenzari [******]
Gold:   645        SH:  2    Dex: 16    Spells: 9/32 levels left

rFire    . . .     SeeInvis +     - Unarmed
rCold    . . .     Gourm    .   (no shield)
rNeg     + . .     Faith    .   (armour currently unavailable)
rPois    ∞         Spirit   +   h - +2 helmet (curse)
rElec    +         Reflect  +   P - +2 cloak (curse)
rCorr    .         Harm     .   (gloves currently unavailable)
MR       ++...     Clarity  +   (boots currently unavailable)
Stlth    +++.......             X - +2 amulet of reflection (curse)
HPRegen  1.10/turn              k - +3 ring of slaying (curse)
MPRegen  0.26/turn              K - ring of magical power

@: statue-form, corroded, very slow
A: fangs 3, deterioration 1, regeneration 2, magic shield, antimagic bite, no
potion heal 3, rot immunity
a: End Transformation, Curse Item, Scrying, Transfer Knowledge, Renounce
Religion


You were on level 4 of the Spider Nest.
You worshipped Ashenzari.
Ashenzari was exalted by your worship.
You were near starving.
You were a stone statue.
You visited 4 branches of the dungeon, and saw 27 of its levels.
You also visited: Bailey.

You collected 2452 gold pieces.
You spent 1807 gold pieces at shops.

Inventory:

Missiles
 a - 548 arrows
 u - 30 poisoned darts (quivered)
Armour
 h - a cursed +2 helmet (worn)
 i - a scarf of repulsion
 C - a cursed +2 pair of boots (melded)
 I - +1 steam dragon scales (melded)
 P - a cursed +2 cloak (worn)
Magical Staves
 b - an uncursed staff of earth
Jewellery
 k - a cursed +3 ring of slaying (left hand)
 m - an uncursed ring of fire
 n - an uncursed ring of flight
 B - an uncursed ring of resist corrosion
 K - a ring of magical power (right hand)
 X - a cursed +2 amulet of reflection (around neck)
Wands
 r - a wand of disintegration (8)
 G - a wand of polymorph (21)
 M - a wand of digging (15)
 N - a wand of flame (80)
 O - a wand of paralysis (22)
 T - a wand of acid (5)
 V - a wand of random effects (17)
 W - a wand of enslavement (16)
 Z - a wand of iceblast (41)
Scrolls
 c - 2 scrolls of remove curse
 j - 4 scrolls of immolation
 q - 9 scrolls of amnesia
 s - 9 scrolls of teleportation
 t - 5 scrolls of enchant weapon
 y - a scroll of holy word
 z - 4 scrolls of fog
 F - 3 scrolls of silence
 H - a scroll of torment {unknown}
 J - 2 scrolls of magic mapping
 L - 3 scrolls of fear
 Q - a scroll of enchant armour
 S - 3 scrolls of blinking
Potions
 e - 3 potions of mutation
 f - 8 potions of haste
 g - 3 potions of flight
 l - 4 potions of cancellation
 o - 7 potions of heal wounds
 p - a potion of magic {unknown}
 v - 8 potions of curing
 w - 3 potions of lignification
 x - 3 potions of might
 A - a potion of resistance
 D - a potion of berserk rage
 E - 6 potions of agility
 Y - 4 potions of brilliance
Miscellaneous
 R - a box of beasts
Comestibles
 d - 45 rations


   Skills:
 - Level 12.2 Fighting
 - Level 5.4 Armour
 - Level 5.6(8.7) Dodging
 + Level 3.8(6.6) Stealth
 * Level 17.0 Unarmed Combat
 + Level 8.1 Spellcasting
 - Level 6.0(9.1) Charms
 - Level 6.0(9.1) Necromancy
 - Level 3.4(6.1) Translocations
 - Level 10.2(13.0) Transmutations
 - Level 10.2(13.0) Earth Magic
 - Level 6.0(9.1) Evocations


You had 9 spell levels left.
You knew the following spells:

 Your Spells              Type           Power        Failure   Level  Hunger
a - Beastly Appendage     Tmut           #####.       1%          1    None
b - Sticks to Snakes      Tmut           #####...     1%          2    None
c - Blade Hands           Tmut           #####.....   1%          5    #####..
d - Ice Form              Ice/Tmut       ###.....     9%          4    ####...
e - Regeneration          Chrm/Necr      ####......   1%          3    ##.....
f - Statue Form           Tmut/Erth      #####....    10%         6    #######
g - Blink                 Tloc           N/A          1%          2    None

Your spell library contained the following spells:

 Spells                   Type           Power        Failure   Level  Hunger
 Animate Skeleton         Necr           N/A          1%          1    None
 Pain                     Necr           ####         1%          1    None
 Vampiric Draining        Necr           ####......   1%          3    ##.....
 Spider Form              Tmut/Pois      ###.......   2%          3    ##.....
 Animate Dead             Necr           N/A          3%          4    ####...
 Leda's Liquefaction      Hex/Erth       ###.......   9%          4    ####...
 Corona                   Hex            #......      12%         1    None
 Magic Dart               Conj           #...         12%         1    None
 Call Imp                 Summ           #.......     17%         2    None
 Ensorcelled Hibernation  Hex/Ice        #.....       17%         2    None
 Slow                     Hex            #.......     17%         2    None
 Confuse                  Hex            #.......     34%         3    ##.....
 Conjure Flame            Conj/Fire      #.......     34%         3    ##.....
 Dazzling Spray           Conj/Hex       #.....       34%         3    ##.....
 Mephitic Cloud           Conj/Pois/Air  #.......     34%         3    ##.....
 Tukima's Dance           Hex            #.......     34%         3    ##.....
 Iskenderun's Battlesphe  Conj/Chrm      ###.....     47%         5    #####..
 Bolt of Magma            Conj/Fire/Erth ###.......   50%         5    #####..
 Iron Shot                Conj/Erth      ###.......   78%         6    #######
 Venom Bolt               Conj/Pois      #.........   97%         5    #####..
 Orb of Destruction       Conj           #.........   100%        7    #######
 Spellforged Servitor     Conj/Summ      #.........   100%        7    #######
 Shatter                  Erth           #####.....   100%        9    #######


Dungeon Overview and Level Annotations

Branches:
Dungeon (15/15)            Temple (0/1) D:5            Lair (6/6) D:10
  Swamp (0/4) Lair:3       Spider (4/4) Lair:2        Slime (0/5) Lair:6
    Orc (2/2) D:12            Elf (0/3) Orc:2        Vaults (0/5) D:14
 Depths (0/5) D:15         Bailey (visited)

Altars:
Ashenzari
Cheibriados
Dithmenos
Elyvilon
Fedhas
Gozag
Okawaru
Qazlal
Ru
Sif Muna
Trog
Uskayaw
Vehumet
Wu Jian
Xom
The Shining One

Shops:
D:5 =   D:11 %   D:14 [   Orc:2 [*(:

Annotations:
D:2 1 runed translucent door, exclusion: door, Crazy Yiuf
D:6 exclusion: steam dragon


Innate Abilities, Weirdness & Mutations

You have razor-sharp teeth.
You heal very quickly.
When hurt, damage is shared between your health and your magic reserves.
Your bite disrupts and absorbs the magic of your enemies.
Potions cannot restore your health.
You are immune to rotting.
Your body sometimes deteriorates upon taking damage.


Message History

The orb spider weaves a glowing orb of energy.
The orb of destruction hits you!!!
The orb spider begins to weave its threads into a brightly glowing ball.
The entropy weaver twitches its antennae in your direction.
An orb of destruction comes into view.
The wavering orb of destruction hits you!!
The entropy weaver gestures wildly while chanting.
The entropic weave corrodes you!
The orb spider pulsates with a strange energy.
The orb spider spins a strand of pure energy.
The orb spider weaves a glowing orb of energy. x2 2 orbs of destruction come into view.
The wavering orb of destruction hits you!!
The orb spider weaves a glowing orb of energy.
An orb of destruction comes into view.
The orb spider pulsates with a strange energy.
The orb of destruction hits you!!!
* * * LOW HITPOINT WARNING * * *
The orb of destruction hits you!!
You die...

,,..^.............. ,,
, ,,, ,
^..........#........, ,
, ,...#................
,, , ,,
.................... ,
, , ,
...^...s..#.........
,,,, ,,
...........s....#...,,,
, * , *
,,......○.s°.......^..
, , ,,
.....^.°°.○a........ ,,
, ,
,....#...s○○○8....!..,
,,, ,
,,.[...........†...[..,
, , ,, ,
,*....................
,, ,
.^...........#......,,
, ,, , ,
.................... ,
, ,,,
....^...^...........,
,, , *
,,................... ,
, ,, , ,
.................., ,,
* , ,....^......... , ,
,,


You could see an entropy weaver and 4 orb spiders.

Vanquished Creatures
  Jorgrun (Orc:1)
  Rupert (D:13)
  A sphinx (D:14)
  A tengu reaver (D:14)
  2 orc warlords (Orc:2)
  Aizul (Spider:3)
  The ghost of Xiestris the Carver, a journeyman DsGl of Makhleb (D:15)
  2 entropy weavers
  Nessos (D:15)
  A dire elephant (Lair:6)
  Snorg (D:10)
  Josephine (D:10)
  Erolcha (D:9)
  Erica (D:10)
  3 two-headed ogres
  A death knight (D:15)
  6 hydras
  2 catoblepae
  10 death yaks
  A deep troll shaman (Lair:6)
  3 tengu warriors
  6 orc high priests (Orc:2)
  Sonja (D:13)
  2 unseen horrors (D:14)
  2 wizards (D:15)
  A necromancer (D:15)
  11 orb spiders
  A wolf spider zombie (D:15)
  An orc knight (Orc:2)
  4 orc sorcerers
  23 wolf spiders
  6 deep elf magi
  4 cyclopes
  15 ugly things
  6 elephants
  Joseph (D:10)
  A moth of wrath (Spider:3)
  A naga mage (D:15)
  A manticore (D:14)
  Maurice (D:13)
  2 torpor snails (Spider:3)
  2 black mambas
  3 gargoyles
  2 demonic crawlers
  18 spiny frogs
  7 komodo dragons
  2 rime drakes
  2 ice devils (Lair:3)
  A tengu conjurer (D:14)
  A queen bee (Lair:3)
  25 jumping spiders
  10 trolls
  4 polar bears
  3 hornets
  3 meliai zombies
  15 blink frogs
  A blink frog (shapeshifter) (D:13)
  A tyrant leech (Lair:3)
  5 hippogriffs
  2 shadows
  50 redbacks
  14 tarantellas
  A centaur simulacrum (D:15)
  9 wraiths
  A wyvern (Lair:4)
  61 yaks
  A human (D:8)
  4 hungry ghosts
  2 hogs (D:8)
  2 steam dragons (D:6)
  5 vampire mosquitoes (D:14)
  A swamp worm (Lair:6)
  2 acid dragons (D:14)
  4 wargs
  10 water moccasins
  5 porcupines
  A swamp drake (Orc:1)
  35 orc warriors
  8 ice beasts
  3 black bears
  A hornet zombie (D:14)
  6 sky beasts
  2 necrophages
  17 ogres
  5 phantoms
  11 wolves
  14 centaurs
  11 crocodiles
  9 big kobolds
  12 bullfrogs
  A water moccasin zombie (D:7)
  A wyvern zombie (D:10)
  A gnoll sergeant (D:8)
  11 scorpions
  26 killer bees (Lair:3)
  7 howler monkeys
  8 wights
  5 electric eels
  6 bullfrog zombies
  6 crimson imps
  6 centaur zombies
  2 quasits
  An iron imp (Orc:1)
  4 hounds
  5 centaur skeletons
  28 orc priests
  3 bullfrog skeletons
  5 jellies
  34 orc wizards
  Jessica (D:2)
  3 iguanas
  Ijyb (D:3)
  Terence (D:2)
  11 worker ants
  A hound zombie (D:7)
  Robin (D:3)
  A howler monkey zombie (D:6)
  7 gnolls
  A worker ant zombie (D:5)
  10 adders
  6 shadow imps
  2 white imps
  2 adder skeletons
  2 adder zombies
  A worm (D:2)
  A dart slug (D:4)
  7 leopard geckos
  112 orcs
  4 ball pythons
  7 bats
  7 giant cockroaches
  22 goblins
  16 hobgoblins
  5 jackals
  39 kobolds
  6 quokkas
  3 frilled lizards
  3 hobgoblin zombies (D:8)
  A kobold skeleton (D:8)
  2 kobold zombies (D:8)
  2 leopard gecko skeletons
  2 leopard gecko zombies (D:5)
  An orc skeleton (D:8)
  A quokka skeleton (D:7)
  A quokka zombie (D:5)
  7 rats
1006 creatures vanquished.

Vanquished Creatures (others)
  2 orcs
  13 fungi
15 creatures vanquished.

Grand Total: 1021 creatures vanquished

Notes
Turn   | Place    | Note
-------+----------+-------------------------------------------
     0 | D:1      | AlterAsc the Vine Stalker Transmuter began the quest for
                  | the Orb.
     0 | D:1      | Reached XP level 1. HP: 9/9 MP: 4/4
    25 | D:1      | Reached skill level 1 in Fighting
   170 | D:1      | Reached XP level 2. HP: 3/14 MP: 1/6
  1114 | D:2      | Reached XP level 3. HP: 18/18 MP: 5/7
  1119 | D:2      | Noticed Terence
  1269 | D:2      | Noticed Jessica
  1276 | D:2      | Killed Jessica
  1370 | D:2      | Gained mutation: Your natural rate of healing is unusually
                  | fast. [Vine Stalker growth]
  1370 | D:2      | Reached XP level 4. HP: 19/22 MP: 7/9
  1546 | D:2      | Killed Terence
  1734 | D:2      | Found an iron altar of Okawaru.
  1915 | D:2      | Found a runed translucent door.
  1916 | D:2      | Noticed Crazy Yiuf
  2028 | D:3      | Reached XP level 5. HP: 26/26 MP: 10/10
  2034 | D:3      | Learned a level 2 spell: Sticks to Snakes
  2059 | D:3      | Found a bloodstained altar of Trog.
  2108 | D:3      | Noticed Ijyb
  2129 | D:3      | Killed Ijyb
  2274 | D:3      | Reached XP level 6. HP: 31/31 MP: 9/11
  2294 | D:3      | Reached skill level 4 in Unarmed Combat
  2347 | D:3      | Found a snail-covered altar of Cheibriados.
  2573 | D:3      | Found a hide-covered altar of Uskayaw.
  2573 | D:3      | Found a radiant altar of Vehumet.
  2573 | D:3      | Found a shimmering blue altar of Sif Muna.
  2715 | D:4      | Noticed a phantom
  2920 | D:3      | Reached XP level 7. HP: 35/35 MP: 13/13
  3015 | D:4      | Reached skill level 5 in Transmutations
  3078 | D:4      | Found a blossoming altar of Fedhas.
  3086 | D:4      | Noticed Robin
  3123 | D:3      | Learned a level 5 spell: Blade Hands
  3433 | D:3      | Killed Robin
  3695 | D:4      | Gained mutation: You have razor-sharp teeth. [Vine Stalker
                  | growth]
  3695 | D:4      | Reached XP level 8. HP: 34/40 MP: 12/15
  3747 | D:4      | Found a shattered altar of Ashenzari.
  3762 | D:4      | Reached skill level 5 in Unarmed Combat
  3768 | D:4      | Became a worshipper of Ashenzari the Shackled
  3931 | D:4      | Found a stormy altar of Qazlal.
  4032 | D:5      | Entered Level 5 of the Dungeon
  4280 | D:5      | Found an ornate altar of the Wu Jian Council.
  4396 | D:5      | Reached skill level 5 in Spellcasting
  4502 | D:5      | Found Pibrogil's Jewellery Shoppe.
  4508 | D:5      | Found a staircase to the Ecumenical Temple.
  4961 | D:5      | Reached XP level 9. HP: 46/46 MP: 16/18
  5233 | D:6      | Reached skill level 6 in Unarmed Combat
  5501 | D:6      | Reached skill level 5 in Fighting
  5771 | D:6      | Found a sacrificial altar of Ru.
  6260 | D:7      | Found a flagged portal.
  6271 | Bailey   | Entered a bailey
  6317 | Bailey   | Learned a level 4 spell: Ice Form
  6433 | Bailey   | Reached * piety under Ashenzari
  6590 | Bailey   | Noticed an orc knight
  6768 | D:7      | Reached skill level 7 in Unarmed Combat
  6775 | D:7      | Reached XP level 10. HP: 52/53 MP: 20/20
  7688 | D:8      | Found a shadowy altar of Dithmenos.
  7950 | D:8      | Reached skill level 8 in Unarmed Combat
  8004 | D:8      | Found a glowing golden altar of the Shining One.
  8068 | D:8      | Found a shimmering altar of Xom.
  8702 | D:9      | Reached skill level 9 in Unarmed Combat
  8795 | D:9      | Reached skill level 1 in Evocations
  8918 | D:9      | Reached XP level 11. HP: 60/60 MP: 19/21
  9104 | D:9      | Noticed Erolcha
  9393 | D:9      | Reached ** piety under Ashenzari
  9440 | D:10     | Entered Level 10 of the Dungeon
  9538 | D:10     | Reached skill level 10 in Unarmed Combat
  9625 | D:10     | Noticed Snorg
  9630 | D:10     | Noticed Josephine
  9676 | D:10     | Killed Snorg
  9699 | D:10     | Noticed a two-headed ogre
  9719 | D:10     | Killed Josephine
  9725 | D:10     | Killed a two-headed ogre
  9725 | D:10     | Reached skill level 11 in Unarmed Combat
  9843 | D:10     | Noticed Erica
  9878 | D:10     | Killed Erica
  9887 | D:10     | Found a staircase to the Lair.
  9918 | D:10     | Noticed Joseph
  9925 | D:10     | Killed Joseph
 10259 | D:10     | Gained mutation: You heal very quickly. [Vine Stalker
                  | growth]
 10259 | D:10     | Reached XP level 12. HP: 67/67 MP: 22/22
 10596 | D:11     | Reached skill level 12 in Unarmed Combat
 10624 | D:11     | Reached skill level 10 in Fighting
 10799 | D:11     | Found Juopregic's Food Emporium.
 10917 | D:11     | Found a white marble altar of Elyvilon.
 11243 | D:5      | Bought a +3 ring of slaying for 585 gold pieces
 11406 | Lair:1   | Entered Level 1 of the Lair of Beasts
 12313 | Lair:2   | Reached skill level 13 in Unarmed Combat
 12583 | Lair:2   | Found a hole to the Spider Nest.
 12985 | Lair:3   | Reached *** piety under Ashenzari
 13048 | Lair:3   | Found a frozen archway.
 13263 | D:5      | Bought a +2 amulet of reflection for 97 gold pieces
 13273 | D:5      | Learned a level 3 spell: Regeneration
 13486 | Lair:3   | Reached XP level 13. HP: 35/73 MP: 14/23
 13711 | Lair:3   | Reached skill level 1 in Charms
 13768 | Lair:3   | Reached skill level 1 in Necromancy
 14002 | Lair:3   | Reached skill level 5 in Evocations
 14027 | Lair:3   | Found a staircase to the Swamp.
 14277 | Lair:3   | Reached skill level 1 in Armour
 14593 | Lair:4   | Reached skill level 14 in Unarmed Combat
 15795 | Lair:5   | Reached XP level 14. HP: 71/79 MP: 23/24
 16144 | Lair:5   | Reached **** piety under Ashenzari
 16735 | Lair:6   | Entered Level 6 of the Lair of Beasts
 17266 | Lair:6   | Reached skill level 15 in Unarmed Combat
 17275 | Lair:6   | Noticed a dire elephant
 17310 | Lair:6   | Killed a dire elephant
 17310 | Lair:6   | Reached skill level 5 in Charms
 17310 | Lair:6   | Reached skill level 5 in Necromancy
 17578 | Lair:6   | Found a staircase to the Slime Pits.
 17864 | D:9      | Killed Erolcha
 18029 | D:12     | Found a staircase to the Orcish Mines.
 18035 | D:12     | Paralysed by a hornet for 2 turns
 18439 | D:12     | Identified the +0 cloak of Beyond {Dex+2}
 18591 | Orc:1    | Entered Level 1 of the Orcish Mines
 18648 | Orc:1    | Reached XP level 15. HP: 41/84 MP: 13/25
 18761 | Orc:1    | Reached ***** piety under Ashenzari
 18788 | Orc:1    | Noticed Jorgrun
 18799 | Orc:1    | Killed Jorgrun
 19051 | Orc:1    | Reached skill level 5 in Dodging
 19137 | Orc:2    | Entered Level 2 of the Orcish Mines
 19186 | Orc:2    | Noticed an orc warlord
 19219 | Orc:2    | Killed an orc warlord
 19401 | Orc:2    | Found Meoset's General Store.
 19433 | Orc:2    | Reached skill level 5 in Armour
 19440 | Orc:2    | Noticed an orc warlord
 19452 | Orc:2    | Killed an orc warlord
 19460 | Orc:2    | Paralysed by an orc sorcerer for 4 turns
 19505 | Orc:2    | Found Jenleih's Antique Weapon Emporium.
 19562 | Orc:2    | Found Duenocam's Book Emporium.
 19738 | Orc:2    | Found a staircase to the Elven Halls.
 19757 | Orc:2    | Found Noerrat's Antique Armour Boutique.
 20101 | Orc:2    | Bought the Almanac of Toxins and Clay for 1125 gold pieces
 20108 | Orc:2    | Learned a level 6 spell: Statue Form
 20227 | D:13     | Noticed Maurice
 20236 | D:13     | Killed Maurice
 20413 | D:13     | Reached skill level 1 in Earth Magic
 20998 | D:13     | Noticed Sonja
 21007 | D:13     | Killed Sonja
 21517 | D:14     | Noticed Rupert
 21555 | D:13     | Killed Rupert
 21555 | D:13     | Reached skill level 5 in Earth Magic
 21797 | D:14     | Found a gate to the Vaults.
 21873 | D:14     | Noticed a sphinx
 21892 | D:14     | Killed a sphinx
 21892 | D:14     | Reached XP level 16. HP: 88/88 MP: 26/26
 22353 | D:14     | Identified the ring of Tohes {*Slow rN+ MR+ Stlth+}
 22353 | D:14     | Noticed a tengu reaver
 22360 | D:14     | Killed a tengu reaver
 22391 | D:14     | Found Ylovac's Armour Shoppe.
 22585 | D:15     | Entered Level 15 of the Dungeon
 22682 | D:15     | Found a runed translucent door.
 22688 | D:15     | Noticed Xiestris's ghost (journeyman DsGl)
 22740 | D:15     | Reached ****** piety under Ashenzari
 22755 | D:15     | Found an opulent altar of Gozag.
 22804 | D:15     | Noticed Nessos
 22809 | D:15     | Killed Nessos
 23161 | D:15     | Reached skill level 10 in Transmutations
 23191 | D:15     | Found a staircase to the Depths.
 23347 | D:15     | Killed Xiestris's ghost
 23377 | D:15     | Learned a level 2 spell: Blink
 23509 | Spider:1 | Entered Level 1 of the Spider Nest
 23605 | Spider:1 | Reached skill level 16 in Unarmed Combat
 23605 | Spider:1 | Reached skill level 1 in Translocations
 24326 | Spider:2 | Reached skill level 10 in Earth Magic
 24462 | Spider:3 | Gained mutation: Your body sometimes deteriorates upon
                  | taking damage. [mutagenic glow]
 24676 | Spider:3 | Reached XP level 17. HP: 93/93 MP: 29/29
 24744 | Spider:3 | Reached skill level 1 in Stealth
 25154 | Spider:3 | Noticed Aizul
 25168 | Spider:3 | Killed Aizul
 25168 | Spider:3 | Reached skill level 17 in Unarmed Combat
 25434 | Spider:4 | Entered Level 4 of the Spider Nest
 25450 | Spider:4 | Blown up by an orb spider

Levels and vault maps discovered:
D:1:      shiori_arrival_elements, layout_basic, minmay_misc_feat_ornament,
          minivault_27
D:2:      cheibrodos_greedy_goblins, layout_rooms, okawaru_trees_1,
          first_ration, st_stairs_6, uniq_jessica, uniq_crazy_yiuf_cottage,
          uniq_terence
D:3:      layout_basic, gammafunk_temple_overflow_claw, bloody_trog,
          lemuel_coloured_pillars_altar, uniq_ijyb
D:4:      layout_rooms, grunt_temple_overflow_forces_of_nature,
          cheibrodos_ashenzari_chains, uniq_robin
D:5:      layout_basic, kennysheep_mini, minmay_temple_entry_mini_moons,
          serial_undead, serial_undead_d, serial_undead_a, serial_undead_f,
          serial_undead_f, minmay_shop_enchanted_jewellery, grunt_ministairs_15,
          minmay_a_box_with_orc_wizards_in_it
D:6:      cheibrodos_steamvent, layout_basic, marbit_many_paths,
          kennysheep_another_room
D:7:      minmay_angry_zag, layout_basic, enter_bailey_3
D:8:      layout_loops_ring, nicolae_dithmenos_shadow_blocks,
          nicolae_tso_besieged_by_evil, basic_altar, grunt_livestock
D:9:      layout_cave_pods, uniq_erolcha
D:10:     layout_stronghold, erik_lair_orcish_takeover, uniq_snorg, uniq_erica,
          uniq_joseph, uniq_josephine
D:11:     layout_rooms, serial_shops, nicolae_shop_behind_doors,
          elyvilon_altar_5
D:12:     layout_cave_pools, erik_orc_4
D:13:     layout_basic, minmay_fractal_squares_gapless_5, uniq_sonja,
          uniq_maurice
D:14:     minmay_the_grid_plus [minmay_the_grid_spikes,
          minmay_the_grid_all_tris, minmay_the_grid_medium_cups,
          minmay_the_grid_aliased_spiral, minmay_the_grid_prize_diamond_cup],
          layout_loops_ring, infiniplex_staircase_squiggle, serial_shops, shop,
          uniq_rupert
D:15:     grunt_enter_depths_magical_seal, layout_loops_ring,
          hellmonk_ghost_happy_afterlife,
          nicolae_gozag_cash_rules_everything_around_me, uniq_nessos
Lair:1:   layout_hall_layers, serial_bayou_shore_a, grunt_megastairs_2,
          lemuel_fruit_fields
Lair:2:   layout_regular_city, nicolae_spider_entry_orb_guardian,
          chequers_serial_rivers_marsh, patterned_corridor
Lair:3:   layout_loops_ring, minmay_swamp_entry_worms,
          portal_ice_cave_demonic_guard, special_room [special_room_bee]
Lair:4:   layout_gridlike, grunt_megastairs_4
Lair:5:   layout_gridlike, beast_lair_carwin_4, grunt_megastairs_5
Lair:6:   grunt_lair_end_beastmaster, layout_misc_corridors,
          dpeg_slime_entry_corner, infiniplex_staircase_pool
Spider:1: layout_spider_delve
Spider:2: layout_spider_delve, drop_trap
Spider:3: layout_spider_delve, drop_trap, uniq_aizul
Spider:4: guppyfry_spider_rune, uniq_donald
Orc:1:    layout_caves, hangedman_minor_magic, uniq_jorgrun
Orc:2:    grunt_orc_gardens, layout_caves, grunt_orc_garden, grunt_orc_garden,
          grunt_orc_garden, grunt_orc_garden

Skill      XL: |  1  2  3  4  5  6  7  8  9 10 11 12 13 14 15 16 17 |
---------------+----------------------------------------------------+-----
Fighting       | 1 2 3 4 5 8 9 10 11 12 | 12.2
Transmutations | 3 4 5 7 9 10 | 10.2
Spellcasting   | 3 4 5 6 7 8 |  8.1
Unarmed Combat | 4 5 7 9 11 13 14 15 16 17 | 17.0
Evocations     | 2 3 4 5 6 |  6.0
Charms         | 3 5 6 |  6.0
Necromancy     | 3 5 6 |  6.0
Dodging        | 3 4 5 |  5.6
Armour         | 2 4 5 |  5.4
Earth Magic    | 7 10 | 10.2
Translocations | 3 |  3.4
Stealth        | 3 |  3.8

Action                   |  1- 3 |  4- 6 |  7- 9 | 10-12 | 13-15 | 16-18 || total
-------------------------+-------+-------+-------+-------+-------+-------++-------
Melee: Unarmed           |    58 |   211 |   414 |   509 |   832 |   379 ||  2403
       Bite              |    12 |    53 |   113 |   132 |   219 |    99 ||   628
       Kick              |     9 |    36 |    28 |       |       |       ||    73
       Punch             |       |     8 |    10 |    23 |    54 |    27 ||   122
Throw: Dart              |    31 |    23 |    82 |     8 |     1 |       ||   145
 Cast: Beastly Appendage |    15 |    24 |    18 |       |       |       ||    57
       Sticks to Snakes  |       |     2 |     1 |     2 |       |       ||     5
       Blade Hands       |       |       |    18 |    84 |   102 |    16 ||   220
       Ice Form          |       |       |     2 |       |       |     3 ||     5
       Regeneration      |       |       |       |       |    41 |     3 ||    44
       Statue Form       |       |       |       |       |       |    37 ||    37
Invok: Curse Item        |       |       |       |     2 |     1 |       ||     3
 Abil: End Transformatio |       |       |       |     1 |       |     4 ||     5
Evoke: Wand              |       |     1 |     9 |       |    19 |       ||    29
  Use: Scroll            |       |       |    12 |    12 |    15 |     4 ||    43
       Potion            |       |       |       |     1 |       |       ||     1
 Stab: Invisible         |       |     3 |       |       |       |       ||     3
       Sleeping          |       |       |     1 |     1 |     2 |     1 ||     5
       Petrified         |       |       |       |       |     1 |       ||     1
       Paralysed         |       |       |       |       |     1 |       ||     1
  Eat: Chunk             |     2 |     5 |    21 |    49 |    58 |    24 ||   159
       Ration            |       |       |       |     2 |     3 |     4 ||     9
Armor: Robe              |    26 |    28 |    20 |       |       |       ||    74
       Leather armour    |       |    17 |    51 |       |       |       ||    68
       Steam dragon scal |       |       |    29 |   187 |   219 |    16 ||   451
       Skin              |       |       |     8 |       |       |   268 ||   276
Dodge: Dodged            |    62 |   135 |   298 |   231 |   460 |   404 ||  1590
Block: Other             |       |       |       |       |    44 |    28 ||    72
       Reflection        |       |       |       |       |     3 |       ||     3
